 Dungeon Crawl Stone Soup version 0.25-a0-949-gdd2af9e06e (webtiles) character file.

Game seed: 15964305558594736886, levelgen mode: classic

61 Amnesiac the Magician (level 3, -2/19 HPs)
             Began as a Deep Elf Wizard on May 7, 2020.
             Slain by a quokka (3 damage)
             ... on level 5 of the Dungeon on May 8, 2020.
             The game lasted 00:02:39 (1136 turns).

Amnesiac the Magician (Deep Elf Wizard)             Turns: 1136, Time: 00:02:39

Health: -2/19      AC:  2    Str:  4    XL:     3   Next: 83%
Magic:  0/11       EV: 13    Int: 23    God:
Gold:   53         SH:  0    Dex: 13    Spells: 0/11 levels left

rFire    . . .     SeeInvis .   (no weapon)
rCold    . . .     Gourm    .   (no shield)
rNeg     . . .     Faith    .   a - +0 robe
rPois    .         Spirit   .   (no helmet)
rElec    .         Reflect  .   (no cloak)
rCorr    .         Harm     .   (no gloves)
MR       .....                  (no boots)
Stlth    ++........             (no amulet)
HPRegen  0.06/turn              (no ring)
MPRegen  0.12/turn              (no ring)

@: no status effects
A: no striking features
a: no special abilities


You were on level 5 of the Dungeon.
You were not hungry.

You visited 1 branch of the dungeon, and saw 5 of its levels.

You collected 53 gold pieces.

Inventory:

Armour
 a - a +0 robe (worn)
Wands
 f - a wand of enslavement (8)
Scrolls
 b - a scroll of identify {!r, unknown}
 e - 2 scrolls of remove curse {!r, unknown}
Comestibles
 d - 4 rations


   Skills:
 - Level 2.4 Dodging
 - Level 2.4 Stealth
 - Level 4.5 Spellcasting
 * Level 4.1 Conjurations
 - Level 1.1 Summonings
 - Level 1.1 Translocations


You couldn't memorise any spells.
You knew the following spells:

 Your Spells              Type           Power        Failure   Level  Hunger
a - Magic Dart            Conj           ###.         1%          1    None
b - Call Imp              Summ           ##......     10%         2    None
e - Mephitic Cloud        Conj/Pois/Air  ##......     17%         3    ##.....
s - Conjure Flame         Conj/Fire      ##......     13%         3    ##.....
v - Blink                 Tloc           N/A          10%         2    None

Your spell library contained the following spells:

 Spells                   Type           Power        Failure   Level  Hunger
 Slow                     Hex            #.......     16%         2    None


Dungeon Overview and Level Annotations

Branches:
Dungeon (5/15)
 Temple: D:4-7

Altars:
Ru


Message History

Confirm with . or Enter, or press ? or * to list all spells.
You don't have enough magic to cast that spell.
Casting: Magic Dart (safe; 1% risk of failure)
Confirm with . or Enter, or press ? or * to list all spells.
You don't have enough magic to cast that spell.
Casting: Magic Dart (safe; 1% risk of failure)
Confirm with . or Enter, or press ? or * to list all spells.
You don't have enough magic to cast that spell.
Casting: Magic Dart (safe; 1% risk of failure)
Confirm with . or Enter, or press ? or * to list all spells.
You don't have enough magic to cast that spell.
You hit the hound skeleton but do no damage.
The hound skeleton is almost destroyed.
The hound skeleton closely misses you.
Casting: Magic Dart (safe; 1% risk of failure)
Confirm with . or Enter, or press ? or * to list all spells.
You don't have enough magic to cast that spell.
You barely miss the hound skeleton.
The hound skeleton is almost destroyed.
The hound skeleton bites you.
Casting: Magic Dart (safe; 1% risk of failure)
Confirm with . or Enter, or press ? or * to list all spells.
You don't have enough magic to cast that spell.
You are feeling hungry.
You hit the quokka but do no damage.
Casting: Magic Dart (safe; 1% risk of failure)
Confirm with . or Enter, or press ? or * to list all spells.
You don't have enough magic to cast that spell.
You hit the quokka.
The quokka is moderately wounded.
The quokka closely misses you. The quokka bites you.
* * * LOW HITPOINT WARNING * * *
You closely miss the quokka.
The quokka is moderately wounded.
The quokka closely misses you.
Casting: Magic Dart (safe; 1% risk of failure)
Confirm with . or Enter, or press ? or * to list all spells.
Aiming: Magic Dart (safe; 1% risk of failure)
Press: ? - help, Shift-Dir - straight line, f/p - hound skeleton
Aim: a hound skeleton (almost destroyed)
The magic dart hits the quokka.
The quokka is severely wounded.
The quokka barely misses you.
You barely miss the quokka.
The quokka is severely wounded.
The quokka bites you.
* * * LOW HITPOINT WARNING * * *
You miss the quokka.
The quokka is severely wounded.
The quokka misses you.
Casting: Magic Dart (safe; 1% risk of failure)
Confirm with . or Enter, or press ? or * to list all spells.
You don't have enough magic to cast that spell.
You barely miss the quokka.
The quokka is heavily wounded.
The quokka bites you.
* * * LOW HITPOINT WARNING * * *
The quokka bites you.
* * * LOW HITPOINT WARNING * * *
Eat a chunk of flesh? (ye/n/q)
You eat the chunk of flesh.
This raw flesh tastes terrible.
You hear the slow hiss of a distant avalanche of sand.
The quokka bites you.
You die...

### ....
..... #####
......#...#
P....Zr@#
P....>###
≈≈...


PP.. ≈P≈ ♣P ≈ You could see a quokka and a hound skeleton.

Vanquished Creatures
  A worker ant (D:4)
  An adder (D:2)
  An adder skeleton (D:4)
  A leopard gecko (D:1)
  A ball python (D:1)
  A giant cockroach (D:2)
  4 goblins
  3 hobgoblins (D:2)
  2 jackals (D:5)
  2 kobolds (D:2)
  A quokka (D:2)
  A frilled lizard (D:3)
  3 rats
22 creatures vanquished.

Vanquished Creatures (collateral kills)
  A worm (D:2)
1 creature vanquished.

Grand Total: 23 creatures vanquished

Notes
Turn   | Place    | Note
-------+----------+-------------------------------------------
     0 | D:1      | Amnesiac the Deep Elf Wizard began the quest for the Orb.
     0 | D:1      | Reached XP level 1. HP: 10/10 MP: 7/7
    44 | D:1      | Upgraded the game from 0.25-a0-942-g87a53962fc to
                  | 0.25-a0-949-gdd2af9e06e
   213 | D:2      | Reached XP level 2. HP: 11/15 MP: 6/9
   217 | D:2      | Learned a level 2 spell: Blink
   220 | D:2      | Learned a level 2 spell: Call Imp
   399 | D:2      | Found a sacrificial altar of Ru.
   769 | D:2      | Reached XP level 3. HP: 13/19 MP: 4/11
   774 | D:2      | Learned a level 3 spell: Conjure Flame
   778 | D:2      | Learned a level 3 spell: Mephitic Cloud
  1087 | D:5      | Entered Level 5 of the Dungeon
  1136 | D:5      | Slain by a quokka

Levels and vault maps discovered:
D:1:      kennysheep_arrival_seaside, layout_loops_ring, st_stairs_14,
          minmay_misc_feat_rugged
D:2:      layout_basic, lemuel_crystal_altar, uniq_jessica
D:3:      layout_rooms, first_ration
D:4:      minmay_door_path, layout_gridville, nemelex_xobeh_ov_fountains_minmay,
          overflow_temple_1_default
D:5:      layout_rooms, old_standard_altar, nicolae_overflow_crystal_walls,
          minmay_temple_entry_mini_moons, serial_bayou, serial_bayou_lagoon_a,
          serial_bayou_pond_c, serial_bayou_lagoon_b, serial_bayou_shore_b,
          nicolae_ossuary_entry_catacombs, hangedman_decor_growths,
          makhleb_altar_promises_db

Skill      XL: |  1  2  3 |
---------------+----------+-----
Conjurations   | 2 3 4 |  4.1
Dodging        | |  2.4
Stealth        | |  2.4
Spellcasting   | |  4.5
Summonings     | |  1.1
Translocations | |  1.1

Action                   || total
-------------------------++-------
Melee: Unarmed           ||     8
 Cast: Magic Dart        ||    62
       Call Imp          ||     4
  Eat: Chunk             ||     1
Armor: Robe              ||     7
Dodge: Dodged            ||    16

Table legend:
 A = Non-vault XP
 B = Vault XP
 C = Vault XP percentage of total XP
 D = Non-vault monster count
 E = Vault monster count
 F = Vault count percentage of total count
                 A         B        C        D         E       F
            +---------+---------+-------+---------+---------+-------
      Total |      83 |       5 |   5.7 |      21 |       2 |   8.7
            +---------+---------+-------+---------+---------+-------
        D:1 |       6 |       5 |  45.5 |       4 |       2 |  33.3
        D:2 |      34 |       0 |   0.0 |      12 |       0 |   0.0
        D:3 |       1 |       0 |   0.0 |       1 |       0 |   0.0
        D:4 |      38 |       0 |   0.0 |       2 |       0 |   0.0
        D:5 |       4 |       0 |   0.0 |       2 |       0 |   0.0
            +---------+---------+-------+---------+---------+-------
